 Dungeon Crawl Stone Soup version 0.26.1-11-gd32895ea62 (webtiles) character file.

Game seed: 15905265098429598371

4412 Tirrikindir the Carver (level 10, -1/70 HPs)
             Began as an Octopode Fighter on Apr 26, 2021.
             Was an Initiate of Gozag.
             Slain by a wyvern (7 damage)
             ... while petrified by a basilisk
             ... on level 9 of the Dungeon.
             The game lasted 00:20:37 (8975 turns).

Tirrikindir the Carver (Octopode Fighter)           Turns: 8975, Time: 00:20:39

Health: -1/70      AC:  3    Str: 17    XL:     10   Next: 36%
Magic:  0/10       EV:  2    Int: 12    God:    Gozag
Gold:   815        SH:  0    Dex: 12    Spells: 9/9 levels left

rFire    . . .     SeeInvis .   w - +3 long sword (elec)
rCold    . . .     Faith    .   r - +3 warlock's mirror {reflect}
rNeg     + + +     Spirit   +   (helmet restricted)
rPois    ∞         Reflect  +   n - amulet of guardian spirit
rElec    .         Harm     .   o - +4 ring of evasion
rCorr    .         Rampage  .   (no ring)
Will     .....                  (no ring)
Stlth    ++++......             (no ring)
HPRegen  0.21/turn              (no ring)
MPRegen  0.12/turn              (no ring)
                                (no ring)
                                (no ring)

@: petrified
A: almost no armour, stealthy swim, amphibious, 8 rings, constrict 8, thin
metallic scales 1, camouflage 1, robust 1, gelatinous body 1
a: Renounce Religion, Potion Petition, Call Merchant, Bribe Branch


You were on level 9 of the Dungeon.
You worshipped Gozag.
Gozag was pleased with you.
You visited 2 branches of the dungeon, and saw 10 of its levels.

You collected 910 gold pieces.
You paid 95 gold pieces to Gozag.

Inventory:

Hand Weapons
 w - a +3 long sword of electrocution (weapon)
 A - a +2 rapier of venom
Missiles
 p - 3 boomerangs (quivered)
Armour
 b - a +2 kite shield
 r - the +3 warlock's mirror (worn) {reflect}
   (You found it on level 9 of the Dungeon)
Jewellery
 h - an uncursed ring of fire
 n - an amulet of guardian spirit (around mantle)
 o - a +4 ring of evasion (left tentacle)
Wands
 c - a wand of paralysis (17)
 q - a wand of random effects (16)
 x - a wand of enslavement (10)
 B - a wand of flame (18)
Scrolls
 a - a scroll of immolation
 k - a scroll of identify
 l - 4 scrolls of teleportation
 m - 10 scrolls of remove curse
 s - a scroll of holy word
 u - a scroll of amnesia
 v - 3 scrolls of magic mapping
Potions
 d - 3 potions of ambrosia
 e - 6 potions of curing
 f - 3 potions of cancellation
 g - 4 potions of heal wounds
 i - 6 potions of brilliance
 j - 2 potions of haste
 t - 2 potions of mutation
 C - a potion of might
Miscellaneous
 z - a tin of tremorstones (2/2)


   Skills:
 + Level 4.2 Fighting
 + Level 10.4 Long Blades
 * Level 6.7 Dodging
 + Level 6.8 Stealth
 * Level 6.7 Shields
 + Level 3.0 Evocations


You had 9 spell levels left.
You didn't know any spells.
Your spell library contained the following spells:

 Spells                   Type           Power        Failure   Level
 Animate Skeleton         Necr           0%           32%         1
 Pain                     Necr           0%           32%         1
 Summon Small Mammal      Summ           0%           32%         1
 Call Imp                 Summ           0%           45%         2
 Call Canine Familiar     Summ           0%           69%         3
 Summon Guardian Golem    Hex/Summ       0%           69%         3
 Vampiric Draining        Necr           0%           69%         3
 Animate Dead             Necr           0%           97%         4
 Summon Ice Beast         Ice/Summ       0%           97%         4
 Summon Lightning Spire   Summ/Air       0%           97%         4
 Agony                    Necr           0%           100%        5


Dungeon Overview and Level Annotations

Branches:
Dungeon (9/15)             Temple (1/1) D:6            Lair (0/6) D:9
    Orc (0/2) D:9

Altars:
Ashenzari
Cheibriados
Dithmenos
Elyvilon
Fedhas
Gozag
Hepliaklqana
Kikubaaqudgha
Makhleb
Nemelex Xobeh
Okawaru
Qazlal
Ru
Sif Muna
Trog
Uskayaw
Vehumet
Wu Jian
Xom
Yredelemnul
Zin
The Shining One


Innate Abilities, Weirdness & Mutations

You cannot wear most types of armour.
You are very stealthy in the water. (Stealth+)
You are amphibious.
You can wear up to eight rings at the same time.
You can use your tentacles to constrict eight enemies at once.
Your skin changes colour to match your surroundings (Stealth+).
Your rubbery body absorbs attacks. (AC +1, EV +1)
You are partially covered in thin metallic scales. (AC +2)
You are robust. (+10% HP)


Message History

The wyvern bites you. The elephant completely misses you.
The elephant trunk-slaps you. The wyvern bites you!! The elephant tramples you!
You hold your ground!
The elephant trunk-slaps you. The wyvern bites you.
* * * LOW HITPOINT WARNING * * *
The wyvern bites you.
* * * LOW HITPOINT WARNING * * *
The elephant tramples you!!
* * * LOW HITPOINT WARNING * * *
You hold your ground!
The elephant trunk-slaps you.
* * * LOW HITPOINT WARNING * * *
The wyvern bites you.
* * * LOW HITPOINT WARNING * * *
The elephant tramples you.
* * * LOW HITPOINT WARNING * * *
You hold your ground!
The elephant trunk-slaps you but does no damage.
The wyvern bites you!
You die...
Your body crumbles into a pile of gold.

###
#.################
#................#
#.#############.##
#.# #.# #.#
##########.# #.#
#.......##@#
##.####........Yl#
......'.........l#
#######...###....###
#######......#
#...........# ....
#...........# .....
#...........# .....
#...........# ......


You could see an elephant, a basilisk and a wyvern.

Vanquished Creatures
  Maurice (D:8)
  Joseph (D:7)
  Grinder (D:6)
  A wyvern (D:9)
  Sigmund (D:4)
  3 orc warriors
  6 ogres
  A necrophage (D:9)
  A phantom (D:3)
  2 centaurs
  4 bullfrogs
  A water moccasin zombie (D:9)
  4 scorpions (D:4)
  4 wights (D:7)
  10 killer bees
  A bullfrog zombie (D:8)
  2 hounds
  Crazy Yiuf (D:4)
  5 orc wizards
  A bullfrog skeleton (D:5)
  4 orc priests
  2 centaur skeletons
  Ijyb (D:4)
  3 iguanas
  4 worker ants
  A killer bee zombie (D:7)
  A hound skeleton (D:9)
  A hound zombie (D:6)
  4 gnolls (D:8)
  12 adders
  A white imp (D:7)
  2 ufetubi
  An ooze (D:2)
  An adder skeleton (D:4)
  A worm (D:3)
  6 leopard geckos
  29 orcs
  3 ball pythons
  6 bats
  2 giant cockroaches
  9 hobgoblins
  2 jackals (D:8)
  3 kobolds
  A quokka (D:5)
  A frilled lizard (D:1)
  6 goblins
  A leopard gecko zombie (D:8)
  5 rats
164 creatures vanquished.

Vanquished Creatures (collateral kills)
  A killer bee (D:7)
  An ufetubus (D:7)
2 creatures vanquished.

Vanquished Creatures (others)
  A wizard (D:4)
  4 fungi (D:4)
  4 withered plants (D:5)
9 creatures vanquished.

Grand Total: 175 creatures vanquished

Notes
Turn   | Place    | Note
-------+----------+-------------------------------------------
     0 | D:1      | Tirrikindir the Octopode Fighter began the quest for the
                  | Orb.
     0 | D:1      | Reached XP level 1. HP: 16/16 MP: 1/1
   188 | D:1      | Reached XP level 2. HP: 20/21 MP: 2/2
   199 | D:1      | Reached skill level 1 in Stealth
   938 | D:2      | Reached XP level 3. HP: 16/26 MP: 3/3
  1426 | D:2      | Reached skill level 3 in Long Blades
  1426 | D:2      | Reached XP level 4. HP: 25/31 MP: 4/4
  2269 | D:3      | Noticed an ogre
  2276 | D:3      | Killed an ogre
  2277 | D:3      | Reached XP level 5. HP: 28/36 MP: 3/5
  2350 | D:3      | Reached skill level 4 in Long Blades
  2350 | D:3      | Reached XP level 6. HP: 25/42 MP: 3/6
  2762 | D:3      | Noticed a phantom
  2772 | D:3      | Killed a phantom
  3120 | D:4      | Reached XP level 7. HP: 34/46 MP: 5/7
  3353 | D:4      | Reached skill level 5 in Long Blades
  3712 | D:4      | Noticed Sigmund
  3721 | D:4      | Killed Sigmund
  3836 | D:4      | Found a runed translucent door.
  3837 | D:4      | Noticed Crazy Yiuf
  3843 | D:4      | Killed Crazy Yiuf
  3844 | D:4      | Reached skill level 5 in Stealth
  4095 | D:4      | Reached XP level 8. HP: 52/52 MP: 8/8
  4099 | D:4      | Gained mutation: You are robust. (+10% HP) [potion of
                  | mutation]
  4099 | D:4      | Gained mutation: You are partially covered in thin metallic
                  | scales. (AC +2) [potion of mutation]
  4142 | D:4      | Reached skill level 6 in Long Blades
  4142 | D:4      | Reached skill level 5 in Dodging
  4142 | D:4      | Reached skill level 5 in Shields
  4378 | D:4      | Found a bloodstained altar of Trog.
  4380 | D:4      | Noticed a wizard
  4381 | D:4      | Noticed Ijyb
  4385 | D:4      | Killed a wizard
  4393 | D:4      | Killed Ijyb
  4525 | D:5      | Entered Level 5 of the Dungeon
  4711 | D:5      | Found an ancient bone altar of Kikubaaqudgha.
  4832 | D:5      | Reached skill level 7 in Long Blades
  4867 | D:5      | Found a hazy altar of Hepliaklqana.
  5651 | D:6      | Reached skill level 8 in Long Blades
  5678 | D:6      | Found a staircase to the Ecumenical Temple.
  5686 | Temple   | Entered the Ecumenical Temple
  5747 | Temple   | Became a worshipper of Gozag Ym Sagoz the Greedy
  5778 | D:6      | Noticed Grinder
  5787 | D:6      | Killed Grinder
  6055 | D:6      | Reached skill level 9 in Long Blades
  6055 | D:6      | Reached XP level 9. HP: 61/61 MP: 9/9
  6606 | D:7      | Reached skill level 10 in Long Blades
  6820 | D:7      | Found a white marble altar of Elyvilon.
  6835 | D:7      | Noticed Joseph
  6852 | D:7      | Killed Joseph
  6853 | D:7      | Reached skill level 1 in Evocations
  7527 | D:8      | Found a shimmering altar of Xom.
  7679 | D:8      | Reached XP level 10. HP: 63/69 MP: 8/10
  8170 | D:8      | Noticed Maurice
  8180 | D:8      | Killed Maurice
  8200 | D:8      | Found a radiant altar of Vehumet.
  8300 | D:8      | Found a glowing silver altar of Zin.
  8303 | D:8      | Found a broken altar of Ashenzari.
  8423 | D:9      | Found a staircase to the Orcish Mines.
  8494 | D:9      | Found a sparkling altar of Nemelex Xobeh.
  8559 | D:9      | Found a stormy altar of Qazlal.
  8644 | D:9      | Found the +3 warlock's mirror {reflect}
  8955 | D:9      | Found a staircase to the Lair.
  8955 | D:9      | Noticed an elephant
  8975 | D:9      | Slain by a wyvern

Illustrated notes

Levels and vault maps discovered:
D:1:      sevenhm_arrival_forest_fort_small_4, layout_basic, corner_web_ring
D:2:      layout_basic
D:3:      layout_rooms
D:4:      old_forge, layout_basic, trog_wizard, uniq_sigmund,
          uniq_crazy_yiuf_cottage, uniq_ijyb
D:5:      layout_layer_cave, kiku_gazebo_garden_becter, old_standard_altar
D:6:      layout_loops_ring, minmay_temple_entry_crystal_x, uniq_grinder
D:7:      layout_rooms, nicolae_overflow_crystal_walls, minmay_checkerbox,
          uniq_joseph
D:8:      layout_loops_ring, lemuel_crystal_altar,
          nicolae_overflow_hidden_temple, minmay_fountain_box, uniq_maurice
D:9:      layout_basic, kennysheep_little_box, nicolae_qazlal_general_emergency,
          david_lair_generic, kennysheep_generic_room_7
Temple:   dshaligram_water_room_temple

Skill      XL: |  1  2  3  4  5  6  7  8  9 10 |
---------------+-------------------------------+-----
Stealth        | 1 2 3 4 5 6 |  6.8
Long Blades    | 3 4 5 9 10 | 10.4
Shields        | 4 5 6 |  6.7
Dodging        | 4 5 6 |  6.7
Evocations     | 2 3 |  3.0
Fighting       | 4 |  4.2

Action                   |  1- 3 |  4- 6 |  7- 9 | 10-12 || total
-------------------------+-------+-------+-------+-------++-------
Melee: Long sword        |    43 |    63 |   203 |    46 ||   355
       Constrict         |    10 |    14 |    51 |    11 ||    86
       Tentacles         |     8 |    11 |    50 |    13 ||    82
Throw: Boomerang         |       |     5 |    29 |     1 ||    35
Evoke: Wand              |       |       |       |     4 ||     4
  Use: Scroll            |     7 |       |    14 |     3 ||    24
       Potion            |       |     1 |     1 |     1 ||     3
 Stab: Sleeping          |     3 |     5 |     7 |     4 ||    19
       Distracted        |       |       |     3 |     1 ||     4
Armor: Skin              |     1 |       |     9 |     1 ||    11
Dodge: Dodged            |    14 |    29 |    86 |    32 ||   161
Block: Kite shield       |    18 |    25 |    85 |    23 ||   151
       Buckler           |       |       |       |     5 ||     5
       Reflection        |       |       |       |     1 ||     1
       Rpst.: Long sword |     4 |     5 |    37 |     8 ||    54
